 Dungeon Crawl Stone Soup version 0.23.1 (console) character file.

Game seed: 0

503199 joo the Phalangite (level 25, -19/206 HPs)
             Began as a Merfolk Gladiator on Mar 1, 2019.
             Was the Champion of Makhleb.
             Demolished by a vault warden
             ... wielding a +3 battleaxe of freezing
              (31 damage)
             ... on level 5 of the Vaults on Mar 2, 2019.
             The game lasted 09:46:40 (64012 turns).

joo the Phalangite (Merfolk Gladiator)             Turns: 64012, Time: 09:46:43

Health: -19/206    AC: 14    Str: 24    XL:     25   Next: 26%
Magic:  37/37      EV: 30    Int: 11    God:    Makhleb [******]
Gold:   1203       SH:  3    Dex: 26    Spells: 31/41 levels left

rFire    + + +     SeeInvis .   Y - +2 glaive (chop)
rCold    + + .     Gourm    .   (shield currently unavailable)
rNeg     . . .     Faith    .   p - +4 scale mail "Vuosata" {+Inv rF+ rC+ Slay+2}
rPois    .         Spirit   .   O - +0 hat of Syguguo {rElec rF+ Dex+2} (curse)
rElec    +         Reflect  +   U - scarf {cloud immunity}
rCorr    .         Harm     .   n - +2 pair of gloves {Str+3}
MR       +....                  G - +0 pair of boots "Kezad" {Int+3 Dex+2 Stlth+}
Stlth    ++++++++..             J - +3 amulet of reflection
HPRegen  0.44/turn              j - +5 ring of slaying
MPRegen  0.25/turn              A - ring "Qanen" {rElec rF+ rC+}

@: about to teleport, marked, hasted, studying Hexes, very quick
A: change form in water, swift swim, stealthy swim, antennae 1, camouflage 1,
strong 1, MP-powered wands
}: 2/15 runes: serpentine, barnacled
a: Minor Destruction, Lesser Servant of Makhleb, Major Destruction, Greater
Servant of Makhleb, Renounce Religion, Evoke Invisibility


You were on level 5 of the Vaults.
You worshipped Makhleb.
Makhleb was exalted by your worship.
You were not hungry.

You visited 10 branches of the dungeon, and saw 44 of its levels.
You also visited: Gauntlet.

You collected 5029 gold pieces.
You spent 3826 gold pieces at shops.

Inventory:

Hand Weapons
 b - a +0 blowgun
 q - a +3 glaive
 u - a +2 antimagic glaive
 E - a +2 bardiche
 X - a +2 glaive of holy wrath
 Y - a +2 glaive of chopping (weapon)
Missiles
 i - 10 throwing nets
 r - 16 curare-tipped needles
 w - 41 javelins (quivered)
 y - 4 tomahawks of dispersal
Armour
 d - a scarf of repulsion
 n - a +2 pair of gloves of strength (worn)
 p - the +4 scale mail "Vuosata" (worn) {+Inv rF+ rC+ Slay+2}
   (You found it on level 3 of the Elven Halls)

   It affects your accuracy and damage with ranged weapons and melee attacks
   (+2).
   It protects you from fire.
   It protects you from cold.
   It lets you turn invisible.
 G - the +0 pair of boots "Kezad" (worn) {Int+3 Dex+2 Stlth+}
   (You found it on level 3 of the Lair of Beasts)

   It affects your intelligence (+3).
   It affects your dexterity (+2).
   It makes you more stealthy.
 O - the cursed +0 hat of Syguguo (worn) {rElec rF+ Dex+2}
   (You found it on level 4 of the Vaults)

   It affects your dexterity (+2).
   It protects you from fire.
   It insulates you from electricity.
   It has a curse placed upon it.
 T - a +1 hat of magic resistance
 U - a scarf of cloud immunity (worn)
Magical Staves
 x - an uncursed staff of wizardry
Jewellery
 g - an uncursed ring of positive energy
 j - a +5 ring of slaying (left hand)
 k - the ring of Utuxza {rPois rN+ Int+3 Dex-3 Stlth-}
   (You found it in a Gauntlet)

   [ring of attention]

   It affects your intelligence (+3).
   It affects your dexterity (-3).
   It protects you from poison.
   It protects you from negative energy.
   It makes you less stealthy.
 A - the ring "Qanen" (right hand) {rElec rF+ rC+}
   (You bought it in a shop on level 1 of the Depths)

   [ring of protection from fire]

   It protects you from fire.
   It protects you from cold.
   It insulates you from electricity.
 J - a +3 amulet of reflection (around neck)
Wands
 s - a wand of disintegration (49)
 t - a wand of clouds (2)
 z - a wand of polymorph (11)
 H - a wand of iceblast (11)
 I - a wand of paralysis (41)
 M - a wand of digging (17)
Scrolls
 e - 22 scrolls of identify
 h - 14 scrolls of remove curse
 o - a scroll of amnesia
 F - 9 scrolls of teleportation
 N - 4 scrolls of fog
 Z - 3 scrolls of magic mapping
Potions
 a - a potion of invisibility
 c - a potion of resistance
 l - 3 potions of flight
 m - 5 potions of magic
 v - 3 potions of haste
 C - 5 potions of might
 K - 10 potions of curing
 L - 2 potions of heal wounds
 P - a potion of ambrosia
 W - 3 potions of berserk rage
Books
 S - a manual of Hexes
Comestibles
 f - 31 rations
 B - 16 chunks of flesh


   Skills:
 - Level 18.7 Fighting
   Level 2.5(11.6) Axes
 + Level 25.7(25.8) Polearms
 - Level 7.7 Throwing
 - Level 20.9 Dodging
 - Level 17.3 Stealth
   Level 11.3 Shields
 + Level 8.7 Spellcasting
 + Level 9.8 Hexes
 + Level 6.8 Charms
 - Level 3.0 Transmutations
 + Level 1.0 Air Magic
 - Level 20.1 Invocations


You had 31 spell levels left.
You knew the following spells:

 Your Spells              Type           Power        Failure   Level  Hunger
a - Apportation           Tloc           #.....       36%         1    None
b - Confusing Touch       Hex            ####..       1%          1    None
d - Passwall              Tmut/Erth      #.......     30%         2    #......
f - Swiftness             Chrm/Air       ##......     12%         2    #......
i - Infusion              Chrm           ###.         2%          1    None
s - Spectral Weapon       Hex/Chrm       ###.....     3%          3    ##.....

Your spell library contained the following spells:

 Spells                   Type           Power        Failure   Level  Hunger
 Corona                   Hex            ####...      1%          1    None
 Confuse                  Hex            ####....     1%          3    ##.....
 Tukima's Dance           Hex            ####....     1%          3    ##.....
 Song of Slaying          Chrm           ###.....     3%          2    #......
 Cause Fear               Hex            ####......   7%          4    ####...
 Ensorcelled Hibernation  Hex/Ice        ###...       8%          2    #......
 Shroud of Golubria       Chrm/Tloc      ##........   14%         2    #......
 Dazzling Spray           Conj/Hex       ###...       16%         3    ##.....
 Portal Projectile        Hex/Tloc       ###...       16%         3    ##.....
 Regeneration             Chrm/Necr      ##........   28%         3    ##.....
 Animate Skeleton         Necr           N/A          36%         1    None
 Flame Tongue             Conj/Fire      #....        36%         1    None
 Sandblast                Erth           #.....       36%         1    None
 Summon Butterflies       Summ           #.......     36%         1    None
 Poisonous Vapours        Pois/Air       #.....       43%         2    #......
 Leda's Liquefaction      Hex/Erth       ###.......   45%         4    ####...
 Blink                    Tloc           N/A          50%         2    #......
 Sublimation of Blood     Necr           #.........   50%         2    #......
 Ignite Poison            Fire/Tmut/Pois #.......     58%         3    ##.....
 Yara's Violent Unravell  Hex/Tmut       ###.......   58%         5    ######.
 Static Discharge         Conj/Air       #.......     67%         3    ##.....
 Mephitic Cloud           Conj/Pois/Air  #.......     69%         3    ##.....
 Darkness                 Hex            ####......   71%         6    #######
 Invisibility             Hex            ####....     71%         6    #######
 Call Canine Familiar     Summ           #.......     75%         3    ##.....
 Conjure Flame            Conj/Fire      #.......     75%         3    ##.....
 Gell's Gravitas          Tloc           #.........   75%         3    ##.....
 Lesser Beckoning         Tloc           #.........   75%         3    ##.....
 Recall                   Summ/Tloc      N/A          75%         3    ##.....
 Stone Arrow              Conj/Erth      #.....       75%         3    ##.....
 Teleport Other           Tloc           #.......     75%         3    ##.....
 Silence                  Hex/Air        ###.......   75%         5    ######.
 Metabolic Englaciation   Hex/Ice        ###.......   82%         5    ######.
 Summon Mana Viper        Hex/Summ       ###.....     82%         5    ######.
 Petrify                  Tmut/Erth      #.......     90%         4    ####...
 Animate Dead             Necr           N/A          98%         4    ####...
 Force Lance              Conj/Tloc      #.......     98%         4    ####...
 Passage of Golubria      Tloc           N/A          98%         4    ####...
 Summon Ice Beast         Ice/Summ       #.......     98%         4    ####...
 Alistair's Intoxication  Tmut/Pois      #.......     99%         5    ######.
 Irradiate                Conj/Tmut      #.........   99%         5    ######.
 Bolt of Magma            Conj/Fire/Erth #.........   100%        5    ######.
 Borgnjor's Vile Clutch   Necr/Erth      #.........   100%        5    ######.
 Fireball                 Conj/Fire      #.........   100%        5    ######.
 Lee's Rapid Deconstruct  Erth           #.........   100%        5    ######.
 Lightning Bolt           Conj/Air       #.........   100%        5    ######.
 Summon Demon             Summ           #.........   100%        5    ######.
 Venom Bolt               Conj/Pois      #.........   100%        5    ######.
 Bolt of Fire             Conj/Fire      #.........   100%        6    #######
 Death Channel            Necr           #.........   100%        6    #######
 Deflect Missiles         Chrm/Air       ##........   100%        6    #######
 Dispersal                Tloc           #.........   100%        6    #######
 Freezing Cloud           Conj/Ice/Air   #.........   100%        6    #######
 Iron Shot                Conj/Erth      #.........   100%        6    #######
 Shadow Creatures         Summ           N/A          100%        6    #######
 Simulacrum               Ice/Necr       #.........   100%        6    #######
 Statue Form              Tmut/Erth      #........    100%        6    #######
 Dragon Form              Tmut           ##........   100%        7    #######
 Malign Gateway           Summ/Tloc      #.........   100%        7    #######
 Monstrous Menagerie      Summ           #.........   100%        7    #######
 Ring of Flames           Chrm/Fire      ##........   100%        7    #######
 Summon Greater Demon     Summ           #.........   100%        7    #######
 Summon Hydra             Summ           #.........   100%        7    #######
 Controlled Blink         Tloc           N/A          100%        8    #######
 Discord                  Hex            ####......   100%        8    #######
 Disjunction              Tloc           #.........   100%        8    #######
 Ignition                 Fire           #.........   100%        8    #######
 Summon Horrible Things   Summ           #.........   100%        8    #######
 Dragon's Call            Summ           #.........   100%        9    #######
 Shatter                  Erth           #.........   100%        9    #######
 Tornado                  Air            #.........   100%        9    #######


Dungeon Overview and Level Annotations

Branches:
Dungeon (15/15)            Temple (1/1) D:6            Lair (6/6) D:11
 Shoals (4/4) Lair:3        Snake (4/4) Lair:4        Slime (0/5) Lair:5
    Orc (2/2) D:9             Elf (3/3) Orc:2        Vaults (5/5) D:14
  Crypt (1/3) Vaults:3     Depths (3/5) D:15

Altars:
Cheibriados
Gozag
Kikubaaqudgha
Makhleb
Qazlal
Ru
Trog
Uskayaw
Vehumet
Wu Jian

Shops:
D:4 *   D:7 !   Orc:2 ([[*   Elf:2 ?   Shoals:3 [   Snake:1 !%   Snake:3 =
Vaults:1 !?   Vaults:2 (   Vaults:3 (   Vaults:4 *   Depths:1 *==}

Portals:
Hell: Lair:6 Depths:1 Depths:2
Abyss: Depths:1 Depths:2
Pandemonium: Depths:1

Annotations:
D:6 exclusion: downstairs
D:7 exclusion: downstairs
D:10 1 runed translucent door, exclusions: downstairs and ice statue
D:13 exclusion: 2 downstairs
Lair:3 exclusion: basilisk
Lair:4 1 runed translucent door
Shoals:2 exclusion: downstairs
Elf:3 exclusion: orange crystal statue
Crypt:1 !, Mennas
Depths:1 exclusion: glowing orange brain


Innate Abilities, Weirdness & Mutations

You revert to your normal form in water You are very nimble and swift while swimming.
You are very stealthy in the water. (Stealth+)
You have a pair of small antennae on your head.
Your skin changes colour to match your surroundings (Stealth+).
Your muscles are strong. (Str +2)
You expend magic power (3 MP) to strengthen your wands.


Message History

A sentinel's mark forms upon you.
You feel much better.
An orc warrior comes into view.
It is wielding a +2 dire flail of venom.
Unknown command.
Press: ? - help, Shift-Dir - straight line, f/p - vault sentinel
Aim: a vault sentinel, wielding a +0 morningstar and wearing a +4 ring mail (lightly wounded, catching its breath, lightly drained)
The bolt of negative energy hits the ettin!
The ettin is drained!
The ettin is almost dead.
The bolt of negative energy hits the vault warden!!
The vault warden is drained!
The vault warden is heavily wounded.
The bolt of negative energy hits the vault sentinel!!
The vault sentinel is drained!
The vault sentinel is almost dead.
The ettin hits you with a +1 dire flail of crushing!!
* * * LOW HITPOINT WARNING * * *
x2 The ettin completely misses you.
The vault warden hits you with a +3 battleaxe of freezing!!
You die...

#......#
#......#
.....p.##..^.#
####... #....#
##.. #p...#
##. #....# #.
#p...# #.
#Cp..# ..
#@...# #....#
.h...# ....o.#
......##
Cp....O#
.....##o.
###### .o.


You could see a fire giant, 2 vault wardens, an orc knight, an ettin, 2 vault
sentinels, a warg, an orc warrior, an ogre and an orc.

Vanquished Creatures
  Bai Suzhen (Shoals:3)
  Frederick (Vaults:3)
  Vashnia (Snake:4)
  A bone dragon (Vaults:3)
  Jorgrun (Snake:2)
  2 tentacled monstrosities (Depths:2)
  Rupert (Lair:3)
  Asterion (Elf:1)
  A lich (Depths:2)
  2 deep elf blademasters (Elf:3)
  3 krakens
  2 deep elf master archers (Elf:3)
  6 sphinxes
  Gastronok (D:8)
  Polyphemus (Shoals:3)
  Kirke (Elf:1)
  Agnes (Snake:3)
  2 tengu reavers
  The ghost of hofbold the Fighter, an adept GrMo of Nemelex Xobeh (Elf:3)
  A storm dragon (Depths:2)
  10 nagarajas
  Donald (Shoals:3)
  3 frost giants (Depths:2)
  6 fire giants
  14 vault wardens
  An iron dragon (shapeshifter) (Depths:2)
  8 deep elf sorcerers
  Louise (Elf:1)
  A deep elf elementalist (Elf:3)
  12 very ugly things
  10 ironheart preservers
  5 deep elf demonologists
  14 stone giants
  4 spark wasps (Depths:1)
  A minotaur (Gauntlet)
  9 deep elf annihilators
  6 ettins
  6 deep elf death magi (Elf:3)
  9 fire dragons
  A crystal guardian (Vaults:4)
  2 merfolk javelineers
  12 merfolk impalers
  9 yaktaur captains
  4 deep elf high priests (Elf:3)
  4 great orbs of eyes
  4 ice dragons
  10 vault guards
  10 hydras
  An alligator snapping turtle (Shoals:1)
  A ghost crab (Gauntlet)
  4 rakshasas
  17 naga warriors
  Erica (D:8)
  3 death knights
  14 centaur warriors
  4 merfolk avatars
  3 catoblepae
  12 anacondas
  33 two-headed ogres
  4 deep troll shamans
  12 ogre magi
  5 tengu warriors
  8 death yaks
  4 merfolk aquamancers
  A vampire mage (Depths:1)
  5 satyrs
  25 dancing weapons
  3 spriggan berserkers
  3 shock serpents
  24 deep elf knights
  10 naga sharpshooters
  2 deep troll earth magi
  A salamander mystic (Snake:4)
  A sixfirhy (Lair:6)
  2 shadow wraiths
  A storm dragon skeleton (Vaults:4)
  3 hell knights
  13 deep trolls
  A gelid demonspawn (Depths:1)
  13 sea snakes
  An unseen horror (shapeshifter) (Depths:2)
  A glowing orange brain (Depths:2)
  5 flayed ghosts
  2 unseen horrors (Vaults:1)
  A swamp dragon (shapeshifter) (Vaults:2)
  9 wizards
  11 deep elf archers
  11 naga ritualists
  6 necromancers
  11 ironbrand convokers
  30 harpies
  13 orc knights
  A large abomination (Elf:1)
  A mana viper (shapeshifter) (Depths:1)
  Pikel (D:7)
  2 wolf spiders
  10 mana vipers
  2 stone giant zombies (Vaults:4)
  6 cyclopes
  4 orc sorcerers
  18 fauns
  18 manticores
  27 ugly things
  63 deep elf magi
  A moth of wrath (shapeshifter) (Depths:2)
  A human skeleton (Vaults:4)
  11 salamanders
  11 merfolk sirens
  5 guardian serpents
  33 black mambas
  A stone giant skeleton (Vaults:4)
  7 elephants (Lair:3)
  Maurice (D:13)
  13 vault sentinels
  4 water nymphs
  A torpor snail (Lair:4)
  3 gargoyles
  30 naga magi
  10 spiny frogs
  A centaur skeleton (D:15)
  An orange demon (Depths:1)
  A spiny frog (shapeshifter) (Depths:2)
  A hellion (Depths:1)
  5 rime drakes
  A kobold demonologist (D:15)
  6 freezing wraiths
  41 yaktaurs
  6 komodo dragons
  A tengu conjurer (D:15)
  4 ice devils
  24 merfolk
  A red devil (Lair:6)
  A polar bear (shapeshifter) (Elf:3)
  3 hornets
  A hellwing (Lair:6)
  3 polar bears
  4 trolls
  A harpy zombie (D:15)
  26 slime creatures
  20 blink frogs
  6 hippogriffs
  5 wind drakes
  A wind drake (shapeshifter) (Elf:3)
  A blink frog (shapeshifter) (D:14)
  A raiju (shapeshifter) (D:14)
  A fire giant simulacrum (Vaults:4)
  7 snapping turtles
  9 dream sheep
  2 air elementals (Elf:2)
  A shadow (D:14)
  A redback (shapeshifter) (Depths:2)
  3 spriggans
  A spriggan (shapeshifter) (Vaults:3)
  A human (shapeshifter) (Vaults:2)
  3 wyverns
  A centaur simulacrum (D:15)
  47 yaks
  A wraith (Vaults:1)
  A basilisk (Lair:4)
  15 water elementals
  A ynoxinul (Depths:1)
  A hungry ghost (D:12)
  4 fire elementals
  2 hogs (shapeshifter)
  2 hogs (Elf:1)
  12 humans
  5 wargs
  An acid dragon (D:14)
  A soldier ant (D:13)
  49 nagas
  2 water moccasins
  14 porcupines
  6 hell hounds
  34 orc warriors
  A sky beast (D:11)
  A slave (D:7)
  2 eyes of draining
  4 ice beasts
  A black bear (Lair:6)
  5 wolves
  38 ogres
  A phantom (D:7)
  8 boggarts
  A centaur (shapeshifter) (Depths:2)
  27 centaurs
  12 crocodiles
  A big kobold (D:8)
  An earth elemental (Elf:1)
  12 bullfrogs
  A wyvern zombie (D:13)
  7 scorpions
  A hornet simulacrum (D:14)
  18 killer bees
  12 wights
  An electric eel (Elf:3)
  A howler monkey (D:11)
  16 crimson imps
  A human simulacrum (Vaults:1)
  3 centaur zombies
  An iron imp (Depths:1)
  6 quasits
  14 orc priests
  3 hounds
  3 jellies
  Terence (D:3)
  4 iguanas
  5 hell rats (Lair:6)
  8 worker ants
  9 orc wizards
  2 killer bee zombies
  3 hound zombies
  2 hound skeletons
  A howler monkey zombie (D:7)
  2 worker ant zombies
  Robin (D:2)
  11 adders
  A river rat (shapeshifter) (Depths:2)
  5 shadow imps
  2 ufetubi (Depths:1)
  An adder zombie (D:7)
  4 worms
  A dart slug (D:2)
  10 leopard geckos
  77 orcs
  A ball python (D:5)
  6 giant cockroaches
  12 goblins
  18 hobgoblins
  14 kobolds
  5 quokkas
  8 bats
  4 frilled lizards
  8 rats
  2 crawling corpses (Elf:3)
  A fungus (Lair:3)
  6 tentacles
1660 creatures vanquished.

Vanquished Creatures (collateral kills)
  Ilsuiw (Shoals:3)
  A deep elf sorcerer (Elf:3)
  A stone giant (Orc:2)
  A very ugly thing (Depths:2)
  A deep elf high priest (Elf:1)
  2 merfolk javelineers
  A hydra (D:11)
  2 two-headed ogres
  A death yak (Lair:5)
  Sonja (D:10)
  A deep elf knight (Elf:3)
  A sea snake (Shoals:3)
  4 harpies
  An orc knight (Orc:2)
  An orc sorcerer (Orc:1)
  9 deep elf magi
  2 cyclopes
  4 ugly things
  A manticore (Shoals:3)
  An elephant (Lair:3)
  A merfolk siren (Shoals:3)
  An orange demon (Lair:6)
  2 yaktaurs
  A kobold demonologist (D:11)
  A troll (D:10)
  2 merfolk
  A snapping turtle (Shoals:3)
  4 blink frogs
  A dream sheep (Shoals:3)
  3 humans (D:13)
  A fire elemental (Elf:3)
  4 yaks
  A porcupine (D:10)
  4 orc warriors (Orc:2)
  A black bear (Lair:2)
  2 boggarts
  An ogre (Orc:2)
  A wolf (Lair:2)
  3 centaurs (Orc:2)
  2 crocodiles
  2 bullfrogs
  An orc wizard (Orc:1)
  A hell rat (Lair:6)
  2 shadow imps (D:10)
  A leopard gecko (D:10)
  3 orcs (Orc:2)
  2 crawling corpses (Elf:1)
  2 fungi (Lair:6)
88 creatures vanquished.

Vanquished Creatures (others)
  Nikola (Snake:3)
  2 stone giants (Depths:2)
  A merfolk aquamancer (Shoals:1)
  A tengu warrior (Depths:2)
  2 naga sharpshooters (Snake:4)
  2 deep elf knights (Elf:3)
  A deep elf mage (Elf:3)
  2 salamanders (Snake:4)
  A guardian serpent (shapeshifter) (Vaults:4)
  3 naga magi (Snake:4)
  5 yaktaurs
  A naga (Snake:4)
  2 boggarts
  A hound (D:7)
  A quasit (Depths:1)
  A goblin (D:2)
  6 fungi
  44 plants
  A spectral weapon (Vaults:4)
  84 tentacles
  6 toadstools (Lair:4)
168 creatures vanquished.

Grand Total: 1916 creatures vanquished

Notes
Turn   | Place    | Note
-------+----------+-------------------------------------------
     0 | D:1      | joo the Merfolk Gladiator began the quest for the Orb.
     0 | D:1      | Reached XP level 1. HP: 16/16 MP: 1/1
    82 | D:1      | Reached XP level 2. HP: 22/22 MP: 2/2
   680 | D:1      | Reached XP level 3. HP: 27/28 MP: 3/3
   706 | D:1      | Reached skill level 5 in Polearms
   961 | D:2      | Found a radiant altar of Vehumet.
  1109 | D:2      | Noticed Robin
  1119 | D:2      | Killed Robin
  1134 | D:2      | Reached XP level 4. HP: 32/34 MP: 4/4
  1293 | D:2      | Reached skill level 5 in Dodging
  1525 | D:2      | Found a burning altar of Makhleb.
  1539 | D:2      | Became a worshipper of Makhleb the Destroyer
  1823 | D:3      | Gained mutation: You do not regenerate when monsters are
                  | visible. [potion of mutation]
  1823 | D:3      | Gained mutation: Your mind is acute. (Int +2) [potion of
                  | mutation]
  1823 | D:3      | Gained mutation: You are weak. (Str -2) [potion of
                  | mutation]
  1823 | D:3      | Gained mutation: Your movements are slightly less
                  | encumbered by armour. (ER -2) [potion of mutation]
  1827 | D:3      | Reached XP level 5. HP: 20/41 MP: 5/5
  2081 | D:4      | Noticed a centaur
  2089 | D:3      | Found a bloodstained altar of Trog.
  2294 | D:3      | Reached skill level 6 in Polearms
  2473 | D:3      | Noticed Terence
  2495 | D:3      | Killed Terence
  2869 | D:4      | You fall through a shaft for 2 floors!
  2877 | D:6      | Noticed an ice beast
  2884 | D:5      | Entered Level 5 of the Dungeon
  2927 | D:4      | Reached XP level 6. HP: 46/48 MP: 6/6
  2993 | D:4      | Found Pyarazaw's Assorted Antiques.
  3005 | D:4      | Bought a scroll labeled VOM ARODOELOSCH for 25 gold pieces
  3005 | D:4      | Bought a scroll labeled RUG GAUNOWN for 25 gold pieces
  3005 | D:4      | Bought a red potion for 22 gold pieces
  3005 | D:4      | Bought a silver wand for 100 gold pieces
  3444 | D:4      | Found an ancient bone altar of Kikubaaqudgha.
  3667 | D:4      | Found a snail-covered altar of Cheibriados.
  3789 | D:4      | Found an opulent altar of Gozag.
  3795 | D:4      | Reached skill level 7 in Polearms
  3795 | D:4      | Reached skill level 1 in Invocations
  4037 | D:5      | Reached XP level 7. HP: 55/55 MP: 8/8
  4424 | D:5      | Reached * piety under Makhleb
  4548 | D:5      | Found a hide-covered altar of Uskayaw.
  5016 | D:6      | Found a sacrificial altar of Ru.
  5329 | D:6      | Reached skill level 5 in Fighting
  5380 | D:6      | Reached skill level 8 in Polearms
  5396 | D:6      | Reached XP level 8. HP: 48/62 MP: 10/10
  5507 | D:7      | Found Esujiwy's Distillery.
  5507 | D:7      | Noticed Pikel
  5935 | D:6      | Found a staircase to the Ecumenical Temple.
  5944 | Temple   | Entered the Ecumenical Temple
  6235 | D:7      | Found a hide-covered altar of Uskayaw.
  6237 | D:7      | Noticed a -2 dagger
  6237 | D:7      | Noticed a +0 hand axe
  6301 | D:7      | Bought a potion of heal wounds for 55 gold pieces
  6301 | D:7      | Bought a potion of curing for 33 gold pieces
  6485 | D:7      | Reached skill level 9 in Polearms
  6517 | D:7      | Killed Pikel
  6517 | D:7      | Reached skill level 5 in Invocations
  6517 | D:7      | Reached XP level 9. HP: 71/71 MP: 12/12
  6831 | D:7      | Reached ** piety under Makhleb
  6842 | D:7      | Reached skill level 10 in Polearms
  7195 | D:8      | Noticed Erica
  7253 | D:9      | Found a staircase to the Orcish Mines.
  7632 | D:8      | Noticed Gastronok
  8258 | Orc:1    | Entered Level 1 of the Orcish Mines
  8259 | Orc:1    | Noticed a troll
  8567 | D:8      | Killed Erica
  8567 | D:8      | Reached skill level 11 in Polearms
  8567 | D:8      | Reached skill level 10 in Dodging
  8567 | D:8      | Reached XP level 10. HP: 80/80 MP: 13/15
  8691 | D:8      | Killed Gastronok
  8691 | D:8      | Reached *** piety under Makhleb
  8826 | D:8      | Reached skill level 12 in Polearms
  9177 | D:8      | Found a stormy altar of Qazlal.
  9242 | D:8      | Identified the +11 battleaxe of Indomitability {pain,
                  | +Blink rC+ MR- Int+5}
  9262 | D:9      | Reached XP level 11. HP: 89/89 MP: 17/17
  9264 | D:9      | Reached skill level 1 in Shields
  9470 | Orc:1    | Noticed an ettin
  9862 | D:4      | Bought a glowing scarf for 200 gold pieces
 10034 | D:10     | Entered Level 10 of the Dungeon
 10041 | D:10     | Reached skill level 1 in Axes
 10467 | D:10     | Found a runed translucent door.
 10488 | D:10     | Found a runed translucent door.
 10528 | D:10     | Found a runed translucent door.
 10540 | D:10     | Found a runed translucent door.
 10970 | D:10     | Noticed Sonja
 10997 | D:10     | Killed Sonja
 11176 | D:9      | Lost mutation: Your mind is acute. (Int +2) [potion of
                  | mutation]
 11176 | D:9      | Lost mutation: You are weak. (Str -2) [potion of mutation]
 11176 | D:9      | Lost mutation: Your movements are slightly less encumbered
                  | by armour. (ER -2) [potion of mutation]
 11176 | D:9      | Gained mutation: Your system is resistant to poisons.
                  | (rPois) [potion of mutation]
 11176 | D:9      | Gained mutation: Your mind is acute. (Int +2) [potion of
                  | mutation]
 11319 | D:10     | Reached skill level 10 in Fighting
 11415 | D:10     | Noticed a cyclops
 11437 | D:10     | Killed a cyclops
 11970 | D:9      | Gained mutation: Scrolls take you a little longer to read.
                  | [mutagenic glow]
 12036 | D:11     | Noticed a six-headed hydra
 13558 | D:11     | Found a staircase to the Lair.
 13578 | D:11     | Reached skill level 10 in Invocations
 13620 | Lair:1   | Entered Level 1 of the Lair of Beasts
 13720 | D:11     | Killed a six-headed hydra
 13720 | D:11     | Reached skill level 5 in Shields
 13720 | D:11     | Reached XP level 12. HP: 91/99 MP: 19/19
 14133 | D:7      | Bought a potion of mutation for 88 gold pieces
 14133 | D:7      | Bought 2 potions of berserk rage for 110 gold pieces
 14133 | D:7      | Bought a potion of brilliance for 44 gold pieces
 14133 | D:7      | Lost mutation: Scrolls take you a little longer to read.
                  | [potion of mutation]
 14133 | D:7      | Lost mutation: Your system is resistant to poisons. (rPois)
                  | [potion of mutation]
 14133 | D:7      | Gained mutation: You have a pair of small antennae on your
                  | head. [potion of mutation]
 14133 | D:7      | Gained mutation: Your muscles are strong. (Str +2) [potion
                  | of mutation]
 14133 | D:7      | Gained mutation: Your muscles are very strong. (Str +4)
                  | [potion of mutation]
 14144 | D:7      | Lost mutation: You have a pair of small antennae on your
                  | head. [potion of mutation]
 14144 | D:7      | Lost mutation: Your mind is acute. (Int +2) [potion of
                  | mutation]
 14144 | D:7      | Lost mutation: Your muscles are very strong. (Str +4)
                  | [potion of mutation]
 14144 | D:7      | Lost mutation: You do not regenerate when monsters are
                  | visible. [potion of mutation]
 14144 | D:7      | Gained mutation: You have a pair of small antennae on your
                  | head. [potion of mutation]
 14144 | D:7      | Gained mutation: You expend magic power (3 MP) to
                  | strengthen your wands. [potion of mutation]
 14144 | D:7      | Gained mutation: Your skin changes colour to match your
                  | surroundings (Stealth+). [potion of mutation]
 14773 | Lair:2   | Noticed a catoblepas
 14791 | Lair:2   | Killed a catoblepas
 14933 | Lair:2   | Found a gate leading to a gauntlet.
 14948 | Gauntlet | Entered a Gauntlet
 14948 | Gauntlet | Found a transporter.
 14950 | Gauntlet | Noticed a death yak
 14955 | Gauntlet | Found a transporter.
 14955 | Gauntlet | Noticed a blizzard demon
 14958 | Gauntlet | Found a transporter.
 14961 | Gauntlet | Found a transporter.
 14966 | Gauntlet | Noticed a hell beast
 14968 | Gauntlet | Found a transporter.
 14970 | Gauntlet | Found a transporter.
 14972 | Gauntlet | Noticed a green death
 14977 | Gauntlet | Found a transporter.
 15033 | Gauntlet | Noticed a death yak
 15033 | Gauntlet | Noticed a death yak
 15034 | Gauntlet | Noticed a great orb of eyes
 15035 | Gauntlet | Noticed a death yak
 15036 | Gauntlet | Found a runed translucent door.
 15037 | Gauntlet | Found a transporter.
 15038 | Gauntlet | Found a runed translucent door.
 15038 | Gauntlet | Noticed a death yak
 15049 | Gauntlet | Found a transporter.
 15053 | Gauntlet | Found a transporter.
 15062 | Gauntlet | Noticed a ghost crab
 15063 | Gauntlet | Found a transporter.
 15095 | Gauntlet | Found a transporter.
 15410 | Gauntlet | Killed a great orb of eyes
 15415 | Gauntlet | Got an ancient wooden ring
 15416 | Gauntlet | Identified the ring of Utuxza {rPois rN+ Int+3 Dex-3
                  | Stlth-} (You found it in a Gauntlet)
 15439 | Gauntlet | Killed a ghost crab
 15576 | Gauntlet | Identified the +11 great mace of the Wary Seas {protect,
                  | Str+2}
 15576 | Gauntlet | Noticed a minotaur
 15577 | Gauntlet | Found the +7 great mace "Firestarter" {inner flame, rF++}
 15603 | Gauntlet | Killed a minotaur
 16742 | Lair:3   | Reached skill level 13 in Polearms
 16855 | Lair:3   | Noticed Rupert
 16859 | Lair:3   | Paralysed by Rupert for 3 turns
 16886 | Lair:3   | Killed Rupert
 16886 | Lair:3   | Reached XP level 13. HP: 59/108 MP: 21/21
 16968 | Lair:3   | Got a pair of spiked boots
 16979 | Lair:3   | Identified the +0 pair of boots "Kezad" {Int+3 Dex+2
                  | Stlth+} (You found it on level 3 of the Lair of Beasts)
 17426 | Lair:3   | Found a staircase to the Shoals.
 18326 | Lair:4   | Found a staircase to the Snake Pit.
 18684 | Lair:4   | Reached skill level 14 in Polearms
 18903 | Lair:4   | Found a runed translucent door.
 18925 | Lair:4   | Noticed a dire elephant
 19483 | Lair:5   | Found a staircase to the Slime Pits.
 19526 | Lair:5   | Reached **** piety under Makhleb
 19693 | Lair:6   | Entered Level 6 of the Lair of Beasts
 20008 | Lair:5   | You fall through a shaft!
 20431 | Lair:6   | Reached XP level 14. HP: 118/118 MP: 23/23
 20543 | Lair:6   | Reached skill level 15 in Polearms
 21336 | Lair:6   | Reached skill level 10 in Shields
 21521 | Lair:6   | Found a burning altar of Makhleb.
 21534 | Lair:6   | Found a gateway to Hell.
 21544 | Lair:6   | Got a smoking longbow
 21550 | Lair:6   | Identified the +3 longbow of Neeshra {speed, +Inv rElec rF-
                  | Dex+7} (You found it on level 6 of the Lair of Beasts)
 21982 | Snake:1  | Entered Level 1 of the Snake Pit
 22417 | D:9      | Reached skill level 1 in Stealth
 22933 | Orc:2    | Entered Level 2 of the Orcish Mines
 22957 | Orc:2    | Noticed a stone giant
 22976 | Orc:2    | Killed a stone giant
 22986 | Orc:2    | Found a staircase to the Elven Halls.
 23312 | Orc:2    | Reached ***** piety under Makhleb
 23408 | Orc:2    | Found Paprael's Armour Shop.
 23408 | Orc:2    | Found Lieklisi's Armour Emporium.
 23408 | Orc:2    | Found Dos Qoc's Antique Weapon Shoppe.
 23411 | Orc:2    | Found Cilae's Assorted Antiques.
 23709 | Orc:2    | Bought a potion of curing for 90 gold pieces
 23709 | Orc:2    | Bought a scroll of fear for 105 gold pieces
 23709 | Orc:2    | Bought a scroll of teleportation for 90 gold pieces
 23709 | Orc:2    | Bought a pair of runed gloves for 225 gold pieces
 23709 | Orc:2    | Bought a dazzling ring mail for 270 gold pieces
 23729 | Orc:2    | Identified the +1 ring mail of Darkness {rCorr Int+2} (You
                  | bought it in a shop on level 2 of the Orcish Mines)
 23801 | Orc:2    | Bought a scroll of identify for 60 gold pieces
 24917 | D:13     | Noticed Maurice
 25151 | D:13     | Killed Maurice
 25186 | D:13     | Reached XP level 15. HP: 127/127 MP: 24/24
 25534 | D:14     | Found a gate to the Vaults.
 26272 | D:13     | Reached skill level 5 in Stealth
 26327 | D:13     | Reached skill level 5 in Throwing
 27263 | D:15     | Entered Level 15 of the Dungeon
 27308 | D:15     | Reached skill level 15 in Fighting
 28163 | D:15     | Found a staircase to the Depths.
 28481 | Shoals:1 | Entered Level 1 of the Shoals
 29428 | Shoals:1 | Reached XP level 16. HP: 134/136 MP: 26/26
 29582 | Shoals:1 | Noticed a kraken
 29676 | Shoals:1 | Killed a kraken
 30245 | Shoals:3 | Noticed Polyphemus
 31014 | Shoals:3 | Reached skill level 10 in Stealth
 31336 | Shoals:3 | Noticed Bai Suzhen
 31360 | Shoals:3 | Killed Bai Suzhen
 31456 | Shoals:4 | Entered Level 4 of the Shoals
 31522 | Shoals:3 | Noticed Donald
 31549 | Shoals:3 | Killed Donald
 31828 | Shoals:3 | Noticed Ilsuiw
 31871 | Shoals:3 | Killed Ilsuiw
 31930 | Shoals:3 | Noticed a kraken
 32027 | Shoals:3 | Noticed a kraken
 32031 | Shoals:3 | Killed a kraken
 32358 | Shoals:3 | Killed a kraken
 32358 | Shoals:3 | Reached skill level 15 in Invocations
 32358 | Shoals:3 | Reached XP level 17. HP: 106/145 MP: 28/28
 32857 | Shoals:4 | Got an opal-encrusted leather armour
 32884 | Shoals:4 | Identified the +2 leather armour of Tyemnaa {*Slow MR-
                  | Regen+ Stlth+} (You found it on level 4 of the Shoals)
 32967 | Shoals:3 | Found Welep's Antique Armour Emporium.
 32975 | Shoals:3 | Bought a crude robe for 131 gold pieces
 32975 | Shoals:3 | Bought a transparent ring mail for 207 gold pieces
 32988 | Shoals:2 | Identified the +2 robe of Jigsaw {+Fly Int+3 SInv} (You
                  | bought it in a shop on level 3 of the Shoals)
 32989 | Shoals:2 | Identified the +4 ring mail of Submission {SInv} (You
                  | bought it in a shop on level 3 of the Shoals)
 33486 | Shoals:3 | Killed Polyphemus
 34820 | Shoals:4 | Got a scintillating ivory ring
 34821 | Shoals:4 | Identified the ring "Guhaj" {rC+ MR- Str+5 Stlth-} (You
                  | found it on level 4 of the Shoals)
 35207 | Shoals:4 | Identified the Guide on Captivating Venom
 35322 | Shoals:4 | Got a barnacled rune of Zot
 35703 | Vaults:1 | Entered Level 1 of the Vaults
 35780 | Vaults:1 | Reached skill level 16 in Polearms
 36499 | Vaults:1 | Reached skill level 15 in Dodging
 36527 | Vaults:1 | Found Luemif's Distillery.
 36529 | Vaults:1 | Found Karufada's Magic Scroll Boutique.
 36536 | Vaults:1 | Bought a potion of invisibility for 112 gold pieces
 36536 | Vaults:1 | Bought a potion of curing for 42 gold pieces
 36536 | Vaults:1 | Bought a potion of curing for 42 gold pieces
 36536 | Vaults:1 | Bought a potion of might for 56 gold pieces
 36536 | Vaults:1 | Bought a potion of lignification for 42 gold pieces
 36538 | Vaults:1 | Bought a scroll of blinking for 97 gold pieces
 36538 | Vaults:1 | Bought a scroll of teleportation for 39 gold pieces
 36726 | Vaults:1 | Reached XP level 18. HP: 154/154 MP: 30/30
 37144 | Vaults:1 | Identified the +2 robe of Nopsib Zyut {rElec}
 37474 | Vaults:1 | Reached skill level 17 in Polearms
 38540 | Snake:1  | Found Omakojej's Distillery.
 38603 | Snake:1  | Bought a potion of haste for 110 gold pieces
 38603 | Snake:1  | Bought a potion of heal wounds for 55 gold pieces
 38603 | Snake:1  | Bought a potion of curing for 33 gold pieces
 38606 | Snake:1  | Found Tuvvekhy's Food Shop.
 38652 | Snake:1  | Reached ****** piety under Makhleb
 39512 | Snake:2  | Found the +8 mithril axe "Arga" {speed, MR+}
 39708 | Snake:2  | Noticed Jorgrun
 39724 | Snake:2  | Killed Jorgrun
 39724 | Snake:2  | Reached XP level 19. HP: 161/161 MP: 31/31
 39980 | Snake:2  | Reached skill level 18 in Polearms
 40550 | Snake:3  | Got a jewelled hand axe
 40553 | Snake:3  | Identified the +1 hand axe of Fedhas's Envy {venom, rPois
                  | Str+2} (You found it on level 3 of the Snake Pit)
 40685 | Snake:3  | Got a twisted robe
 40689 | Snake:3  | Identified the +1 robe of Azol {rN+ rCorr Stlth-} (You
                  | found it on level 3 of the Snake Pit)
 40760 | Snake:3  | Found Jihiavun's Jewellery Shoppe.
 40763 | Snake:3  | Bought a +3 amulet of reflection for 266 gold pieces
 40763 | Snake:3  | Bought a cursed amulet of inaccuracy for 34 gold pieces
 41128 | Snake:4  | Entered Level 4 of the Snake Pit
 41128 | Snake:4  | Noticed Agnes
 41151 | Snake:3  | Killed Agnes
 41173 | Snake:4  | Noticed Nikola
 41218 | Snake:3  | Killed Nikola
 41679 | Snake:4  | Noticed Vashnia
 41964 | Snake:4  | Killed Vashnia
 42440 | Snake:4  | Reached skill level 15 in Stealth
 42563 | Snake:4  | Reached skill level 19 in Polearms
 42793 | Snake:4  | Reached XP level 20. HP: 168/168 MP: 32/32
 42965 | Snake:4  | Got a serpentine rune of Zot
 43289 | Depths:1 | Entered Level 1 of the Depths
 43802 | Depths:1 | Found Xeotib's Serpentskin Sales.
 43810 | Depths:1 | Bought 5 curare-tipped needles for 60 gold pieces
 43810 | Depths:1 | Bought 4 curare-tipped needles for 48 gold pieces
 43960 | Depths:1 | Found a one-way gate leading to the halls of Pandemonium.
 44856 | Depths:1 | Found a one-way gate to the infinite horrors of the Abyss.
 44952 | Depths:1 | Found Osagok's Gadget Shoppe.
 44952 | Depths:1 | Found Aneri's Jewellery Boutique.
 44953 | Depths:1 | Found Wyah's Jewellery Boutique.
 44960 | Depths:1 | Bought a cursed ring of teleportation for 45 gold pieces
 44960 | Depths:1 | Bought a cursed ring of attention for 45 gold pieces
 44960 | Depths:1 | Bought the ring "Qanen" {rElec rF+ rC+} for 460 gold pieces
 45040 | Depths:1 | Reached skill level 20 in Polearms
 46522 | Depths:2 | Identified the amulet of Mijesm {Acrobat *Drain MR++ Str+9
                  | Stlth-}
 46805 | Depths:2 | Reached XP level 21. HP: 174/174 MP: 34/34
 46827 | Depths:2 | Noticed a caustic shrike
 46827 | Depths:2 | an acid blob changed into a caustic shrike
 46831 | Depths:2 | a caustic shrike changed into an iron giant
 46840 | Depths:2 | Noticed a caustic shrike
 46840 | Depths:2 | an iron giant changed into a caustic shrike
 46841 | Depths:2 | a caustic shrike changed into a shadow dragon
 47102 | Depths:2 | Noticed a caustic shrike
 47111 | Depths:2 | a caustic shrike changed into an acid blob
 47114 | Depths:2 | Noticed a golden dragon
 47114 | Depths:2 | an acid blob changed into a golden dragon
 47588 | Depths:2 | Paralysed by a vampire knight for 2 turns
 47600 | Depths:1 | Upgraded the game from 0.23.0-42-geed6394480 to 0.23.1
 48118 | Depths:2 | Noticed a golden dragon
 48118 | Depths:2 | an iron dragon changed into a golden dragon
 48121 | Depths:2 | a golden dragon changed into an iron dragon
 48165 | Depths:2 | Identified the +6 mace of Freehold {protect, Fragile rF+
                  | rC+ Str+4}
 48200 | Depths:2 | Identified the +2 falchion of Capital Punishment {venom,
                  | +Fly rElec rC- Dex+5 SInv}
 48492 | Depths:2 | Identified the +5 long sword of Hoguasy {pain, *Contam
                  | rPois MR++ SInv}
 49721 | Elf:1    | Entered Level 1 of the Elven Halls
 49861 | Elf:1    | Noticed Asterion
 49870 | Elf:1    | Noticed Kirke
 50332 | Elf:1    | Killed Asterion
 50739 | Elf:1    | Killed Kirke
 51001 | Elf:1    | Noticed Louise
 51035 | Elf:1    | Killed Louise
 51156 | Elf:1    | Got a warped helmet
 51157 | Elf:1    | Identified the +1 helmet of the Barnacle {rF+} (You found
                  | it on level 1 of the Elven Halls)
 51938 | Elf:2    | Found Noabb's Magic Scroll Emporium.
 51949 | Elf:2    | Bought a scroll of teleportation for 39 gold pieces
 51949 | Elf:2    | Bought a scroll of fear for 45 gold pieces
 51949 | Elf:2    | Bought a scroll of teleportation for 39 gold pieces
 51998 | Elf:2    | Found a runed translucent gate.
 52000 | Elf:2    | Found a runed translucent gate.
 52003 | Elf:2    | Found a runed translucent gate.
 52322 | Elf:2    | Reached XP level 22. HP: 184/184 MP: 11/35
 54131 | Elf:2    | Bought a scroll of remove curse for 39 gold pieces
 54131 | Elf:2    | Bought a scroll of identify for 26 gold pieces
 54131 | Elf:2    | Bought a scroll of identify for 26 gold pieces
 54131 | Elf:2    | Bought a scroll of identify for 26 gold pieces
 54146 | Elf:3    | Entered Level 3 of the Elven Halls
 54194 | Elf:3    | Reached skill level 21 in Polearms
 54416 | Elf:3    | Got a scorched scale mail
 54417 | Elf:3    | Identified the +4 scale mail "Vuosata" {+Inv rF+ rC+
                  | Slay+2} (You found it on level 3 of the Elven Halls)
 54650 | Elf:3    | Found a runed translucent gate.
 54650 | Elf:3    | Found a runed translucent gate.
 54650 | Elf:3    | Found a runed translucent gate.
 54650 | Elf:3    | Noticed hofbold's ghost (adept GrMo)
 57124 | Elf:3    | Identified the +4 war axe of Inconvenience {flame, +Inv
                  | Dex+2}
 57404 | Elf:3    | Identified Udorikk's Reference Book on Unholy Dislocation
 57415 | Elf:3    | Identified the Grimoire of Supportive Evil
 57430 | Elf:3    | Learned a level 1 spell: Apportation
 57959 | Elf:3    | Killed hofbold's ghost
 57974 | Elf:3    | Identified the Almanac of the Inquisitive Planets
 58065 | Elf:3    | Got a blackened quick blade
 58066 | Elf:3    | Identified the +1 quick blade "Goblinslayer" {freeze, MR+}
                  | (You found it on level 3 of the Elven Halls)
 58081 | Elf:3    | Got a pair of pitted gloves
 58092 | Elf:3    | Identified the cursed +0 pair of gloves of Eternal
                  | Vigilance {rC+ MR+ Dex+3} (You found it on level 3 of the
                  | Elven Halls)
 58111 | Elf:3    | Got a pitted scale mail
 58122 | Elf:3    | Identified the +3 scale mail of Ucousapn {Int+9} (You found
                  | it on level 3 of the Elven Halls)
 58156 | Elf:3    | Learned a level 1 spell: Confusing Touch
 58158 | Elf:3    | Learned a level 1 spell: Infusion
 58161 | Elf:3    | Learned a level 2 spell: Passwall
 58897 | Vaults:1 | Reached skill level 1 in Hexes
 58934 | Vaults:1 | Reached skill level 1 in Spellcasting
 59150 | Vaults:2 | Reached skill level 22 in Polearms
 59156 | Vaults:2 | Reached XP level 23. HP: 192/192 MP: 37/37
 59453 | Vaults:2 | Reached skill level 5 in Hexes
 59565 | Vaults:2 | Found Zaaleost's Weapon Shoppe.
 59629 | Vaults:2 | Reached skill level 1 in Transmutations
 59640 | Vaults:2 | Reached skill level 1 in Charms
 59947 | Vaults:3 | Found Utanlacom's Antique Weapon Shop.
 60008 | Vaults:3 | Learned a level 3 spell: Spectral Weapon
 60340 | Vaults:3 | Reached skill level 23 in Polearms
 60452 | Vaults:3 | Noticed Frederick
 61022 | Vaults:3 | Killed Frederick
 61022 | Vaults:3 | Reached skill level 5 in Spellcasting
 61307 | Vaults:3 | Reached skill level 5 in Charms
 61307 | Vaults:3 | Reached XP level 24. HP: 199/199 MP: 37/37
 61345 | Vaults:3 | Found a staircase to the Crypt.
 61570 | Crypt:1  | Entered Level 1 of the Crypt
 61570 | Crypt:1  | Noticed Mennas
 61654 | Vaults:3 | Got a shimmering hand axe
 61655 | Vaults:3 | Identified the +4 hand axe of Zukhovye {flame, Int+3 Dex+3}
                  | (You found it on level 3 of the Vaults)
 61859 | Vaults:3 | You fall through a shaft!
 62373 | Vaults:4 | Learned a level 2 spell: Swiftness
 62402 | Vaults:4 | Reached skill level 24 in Polearms
 63074 | Vaults:4 | Found Goategosch's Assorted Antiques.
 63087 | Vaults:4 | Bought a potion of heal wounds for 120 gold pieces
 63201 | Vaults:4 | Reached XP level 25. HP: 193/206 MP: 37/37
 63245 | Vaults:4 | Reached skill level 25 in Polearms
 63310 | Vaults:4 | Got a smoking hat
 63321 | Vaults:4 | Identified the cursed +0 hat of Syguguo {rElec rF+ Dex+2}
                  | (You found it on level 4 of the Vaults)
 63950 | Vaults:5 | Entered Level 5 of the Vaults
 63988 | Vaults:5 | Reached skill level 1 in Air Magic
 64012 | Vaults:5 | Demolished by a vault warden

Skill      XL: |  1  2  3  4  5  6  7  8  9 10 11 12 13 14 15 16 17 18 19 20 21 22 23 24 25 |
---------------+----------------------------------------------------------------------------+-----
Polearms       | 5 6 7 8 9 11 12 13 14 15 16 17 19 20 22 23 24 25 | 25.7
Fighting       | 3 4 5 6 8 9 10 12 13 14 15 16 17 18 | 18.7
Dodging        | 5 6 7 8 10 11 13 15 16 17 19 20 | 20.9
Invocations    | 1 3 5 7 8 10 11 12 13 15 16 17 18 19 20 | 20.1
Shields        | 5 7 9 11 | 11.3
Axes           | 1 2 |  2.5
Stealth        | 4 8 10 12 14 15 16 17 | 17.3
Throwing       | 4 5 7 |  7.7
Hexes          | 3 8 9 |  9.8
Spellcasting   | 2 5 7 8 |  8.7
Transmutations | 3 |  3.0
Charms         | 5 6 |  6.8
Air Magic      | 1 |  1.0

Action                   |  1- 3 |  4- 6 |  7- 9 | 10-12 | 13-15 | 16-18 | 19-21 | 22-24 | 25-27 || total
-------------------------+-------+-------+-------+-------+-------+-------+-------+-------+-------++-------
Melee: Trident           |    84 |   193 |   140 |   258 |   517 |  1819 |  1679 |       |       ||  4690
       Spear             |       |    38 |   131 |   162 |       |       |       |       |       ||   331
       Tailslap          |       |       |     1 |       |    25 |    22 |       |       |       ||    48
       Dagger            |       |       |    30 |       |       |       |       |       |       ||    30
       Battleaxe         |       |       |       |    40 |       |       |       |       |       ||    40
       Lajatang          |       |       |       |    10 |       |       |       |       |       ||    10
       Demon trident     |       |       |       |       |   613 |    12 |       |       |       ||   625
       Glaive            |       |       |       |       |       |       |   285 |  1062 |   175 ||  1522
 Fire: Blowgun           |       |       |     4 |     8 |     4 |       |       |       |       ||    16
Throw: Stone             |    14 |    13 |       |       |       |       |       |       |       ||    27
       Throwing net      |       |     4 |       |       |       |       |     1 |       |       ||     5
       Tomahawk          |       |     9 |    10 |       |       |     4 |       |       |       ||    23
       Javelin           |       |       |       |       |     4 |    35 |    53 |    51 |       ||   143
 Cast: Infusion          |       |       |       |       |       |       |       |       |     8 ||     8
       Spectral Weapon   |       |       |       |       |       |       |       |       |     3 ||     3
Invok: Minor Destruction |       |       |     3 |   119 |   228 |   188 |   262 |    83 |     2 ||   885
       Lesser Servant of |       |       |       |    30 |    23 |    22 |    31 |    20 |     2 ||   128
       Major Destruction |       |       |       |       |     9 |    17 |    45 |    34 |    11 ||   116
       Greater Servant o |       |       |       |       |     1 |     5 |     2 |     1 |       ||     9
Evoke: Wand              |       |     3 |     5 |     2 |     9 |     5 |     1 |       |       ||    25
  Use: Potion            |       |     2 |     8 |     6 |     7 |     6 |     1 |     3 |     6 ||    39
       Scroll            |       |     6 |    12 |     8 |    13 |    19 |    10 |     7 |     2 ||    77
 Stab: Sleeping          |     1 |     2 |       |     3 |    19 |    19 |    32 |    30 |     5 ||   111
       Held in net/web   |       |     1 |       |       |       |       |     1 |       |       ||     2
       Confused          |       |       |     4 |       |       |     1 |       |       |       ||     5
       Distracted        |       |       |       |     2 |     9 |    12 |     7 |     9 |       ||    39
       Petrified         |       |       |       |       |     2 |     6 |       |       |       ||     8
  Eat: Chunk             |     1 |     9 |    11 |     4 |    18 |    18 |    19 |    17 |     3 ||   100
       Ration            |       |       |     1 |     7 |     6 |     6 |     7 |     5 |       ||    32
Armor: Leather armour    |     6 |    21 |       |       |       |       |       |       |       ||    27
       Scale mail        |       |    19 |    50 |    43 |       |       |       |    93 |    21 ||   226
       Robe              |       |       |       |    12 |    38 |    15 |       |       |       ||    65
       Ring mail         |       |       |       |       |       |   104 |   110 |    11 |       ||   225
Dodge: Dodged            |    37 |    98 |    63 |   226 |   365 |   696 |   695 |   684 |   119 ||  2983
       Deflected         |       |       |       |       |     2 |    50 |     1 |       |       ||    53
Block: Large shield      |       |     8 |   146 |   208 |   808 |  1353 |  1057 |       |       ||  3580
       Reflection        |       |       |       |       |       |       |   151 |     5 |       ||   156
       Other             |       |       |       |       |       |       |    18 |    78 |    13 ||   109
